| TOP OF THE 1ST |
|
Tacoma Rainiers batting - Pitching for Charlotte Knights : LHP Isaias Felix
|
|
Pitching: LHP Isaias Felix
|
|
|
Batting: RHB Julian Gregory
|
0-0: SINGLE (Flyball, 5D, EV 100.6 MPH)
|
|
Batting: SHB Isaiah Cherry
|
0-0: Ball 1-0: Swinging Strike 1-1: Ball 2-1: Ball 3-1: Called Strike 3-2: SINGLE (Line Drive, 56D, EV 99.4 MPH) Julian Gregory to second Julian Gregory to third
|
|
Batting: RHB Marco Diaz
|
0-0: Ball 1-0: Ball 2-0: Foul Ball, location: 2F 2-1: SINGLE (Groundball, 56D, EV 110.0 MPH) Julian Gregory scores Isaiah Cherry to second
|
|
Batting: LHB Addisu Nyamekye
|
0-0: Hit by Pitch Isaiah Cherry to third Marco Diaz to second
|
|
Batting: RHB Hideo Okimura
|
0-0: Ball 1-0: Fly out, F9 (Flyball, 9S, EV 91.2 MPH)
|
|
Batting: RHB Lamberto Amicis
|
0-0: Ball 1-0: Grounds into double play, 6-4-3 (Groundball, 6, EV 98.8 MPH)
|
| Top of the 1st over - 1 run, 3 hits, 0 errors, 2 left on base; Tacoma 1 - Charlotte 0 |
| BOTTOM OF THE 1ST |
|
Charlotte Knights batting - Pitching for Tacoma Rainiers : RHP Luis Castro
|
|
Pitching: RHP Luis Castro
|
|
|
Batting: RHB Jeremy Hoffert
|
0-0: Ball 1-0: Foul Ball, location: 2F 1-1: Foul Ball, location: 2F 1-2: SINGLE (Groundball, 56D, EV 95.6 MPH)
|
|
Batting: LHB Ricardo Pagan
|
0-0: Fly out, F9 (Flyball, 89M, EV 83.8 MPH)
|
|
Batting: RHB Mike Warzecha
|
0-0: Ball 1-0: Ball 2-0: Foul Ball, location: 2F 2-1: Ball Jeremy Hoffert steals 2nd base (no throw) 3-1: SINGLE (Line Drive, 34D, EV 98.1 MPH) Jeremy Hoffert to third Runner from 3rd tries for Home, SAFE, throw by RF to home
|
|
Batting: SHB Ethan Villalobos
|
0-0: Foul Ball, location: 2F 0-1: Fly out, F7 (Flyball, 78M, EV 80.0 MPH)
|
|
Batting: LHB John Thurman
|
0-0: Ball 1-0: Ball 2-0: Ball 3-0: Base on Balls Mike Warzecha to second
|
|
Batting: RHB Kikuo Sato
|
0-0: Ball 1-0: Ground out 4-3 (Groundball, 34, EV 104.4 MPH)
|
| Bottom of the 1st over - 1 run, 2 hits, 0 errors, 2 left on base; Tacoma 1 - Charlotte 1 |
| TOP OF THE 2ND |
|
Tacoma Rainiers batting - Pitching for Charlotte Knights : LHP Isaias Felix
|
|
Batting: LHB Ryan Lowe
|
0-0: Ground out 5-3 (Groundball, 5, EV 82.5 MPH)
|
|
Batting: LHB Josh Pittman
|
0-0: Ball 1-0: Called Strike 1-1: Fly out, F8 (Flyball, 8LXD, EV 86.9 MPH)
|
|
Batting: LHB Matt Hepburn
|
0-0: Ball 1-0: Ground out 5-3 (Groundball, 5, EV 88.8 MPH)
|
| Top of the 2nd over - 0 runs, 0 hits, 0 errors, 0 left on base; Tacoma 1 - Charlotte 1 |
| BOTTOM OF THE 2ND |
|
Charlotte Knights batting - Pitching for Tacoma Rainiers : RHP Luis Castro
|
|
Batting: SHB Josh Conner
|
0-0: Foul Ball, location: 2F 0-1: Foul Ball, location: 2F 0-2: Ball 1-2: Fly out, F8 (Flyball, 8RM, EV 83.1 MPH)
|
|
Batting: RHB John Iddings
|
0-0: Ball 1-0: Called Strike 1-1: Fly out, F8 (Line Drive, 8LD, EV 96.2 MPH)
|
|
Batting: RHB Steve Waltenbery
|
0-0: Ball 1-0: Foul Ball, location: 2F 1-1: Ground out U3 (Groundball, 34, EV 89.4 MPH)
|
| Bottom of the 2nd over - 0 runs, 0 hits, 0 errors, 0 left on base; Tacoma 1 - Charlotte 1 |
| TOP OF THE 3RD |
|
Tacoma Rainiers batting - Pitching for Charlotte Knights : LHP Isaias Felix
|
|
Batting: RHB Julian Gregory
|
0-0: Foul Ball, location: 2F 0-1: Swinging Strike 0-2: Ground out 5-3 (Groundball, 6S, EV 86.9 MPH)
|
|
Batting: SHB Isaiah Cherry
|
0-0: Ball 1-0: Ball 2-0: Called Strike 2-1: Called Strike 2-2: Ball 3-2: Strikes out swinging
|
|
Batting: RHB Marco Diaz
|
0-0: Called Strike 0-1: Called Strike 0-2: Ball 1-2: Strikes out swinging
|
| Top of the 3rd over - 0 runs, 0 hits, 0 errors, 0 left on base; Tacoma 1 - Charlotte 1 |
| BOTTOM OF THE 3RD |
|
Charlotte Knights batting - Pitching for Tacoma Rainiers : RHP Luis Castro
|
|
Batting: RHB Jeremy Hoffert
|
0-0: Ball 1-0: Ball 2-0: Swinging Strike 2-1: Ground out 5-3 (Groundball, 56S, EV 80.6 MPH)
|
|
Batting: LHB Ricardo Pagan
|
0-0: Ball 1-0: SINGLE (Line Drive, 6MD, EV 99.4 MPH)
|
|
Batting: RHB Mike Warzecha
|
0-0: Called Strike 0-1: Ball 1-1: Swinging Strike 1-2: Ball 2-2: Strikes out swinging
|
|
Batting: SHB Ethan Villalobos
|
0-0: Ball 1-0: Called Strike 1-1: Called Strike 1-2: Fly out, F8 (Flyball, 8RS, EV 81.9 MPH)
|
| Bottom of the 3rd over - 0 runs, 1 hit, 0 errors, 1 left on base; Tacoma 1 - Charlotte 1 |
| TOP OF THE 4TH |
|
Tacoma Rainiers batting - Pitching for Charlotte Knights : LHP Isaias Felix
|
|
Batting: LHB Addisu Nyamekye
|
0-0: Called Strike 0-1: Ball 1-1: Ball 2-1: Called Strike 2-2: Ball 3-2: Ground out 4-3 (Groundball, 4, EV 107.5 MPH)
|
|
Batting: RHB Hideo Okimura
|
0-0: Ground out 5-3 (Groundball, 56S, EV 86.2 MPH)
|
|
Batting: RHB Lamberto Amicis
|
0-0: Ball 1-0: Called Strike 1-1: Ball 2-1: Ball 3-1: Foul Ball, location: 2F 3-2: Ground out 4-3 (Groundball, 4MS, EV 73.1 MPH)
|
| Top of the 4th over - 0 runs, 0 hits, 0 errors, 0 left on base; Tacoma 1 - Charlotte 1 |
| BOTTOM OF THE 4TH |
|
Charlotte Knights batting - Pitching for Tacoma Rainiers : RHP Luis Castro
|
|
Batting: LHB John Thurman
|
0-0: Called Strike 0-1: Foul Ball, location: 2F 0-2: Ground out 4-3 (Groundball, 4, EV 91.9 MPH)
|
|
Batting: RHB Kikuo Sato
|
0-0: Ball 1-0: Called Strike 1-1: Ball 2-1: Ball 3-1: Fly out, F8 (Line Drive, 8RM, EV 86.9 MPH)
|
|
Batting: SHB Josh Conner
|
0-0: Ball 1-0: Ground out 4-3 (Groundball, 4, EV 103.8 MPH)
|
| Bottom of the 4th over - 0 runs, 0 hits, 0 errors, 0 left on base; Tacoma 1 - Charlotte 1 |
| TOP OF THE 5TH |
|
Tacoma Rainiers batting - Pitching for Charlotte Knights : LHP Isaias Felix
|
|
Batting: LHB Ryan Lowe
|
0-0: Ball 1-0: Ball 2-0: Called Strike 2-1: Ground out U3 (Groundball, 3, EV 93.8 MPH)
|
|
Batting: LHB Josh Pittman
|
0-0: Ball 1-0: Foul Ball, location: 2F 1-1: Ball 2-1: Swinging Strike 2-2: Ball 3-2: SINGLE (Groundball, 56D, EV 107.5 MPH)
|
|
Batting: LHB Matt Hepburn
|
0-0: Ball 1-0: Called Strike 1-1: Called Strike 1-2: Strikes out swinging
|
|
Batting: RHB Julian Gregory
|
0-0: Called Strike 0-1: Ball 1-1: Ball 2-1: Ball Wild Pitch! Josh Pittman to second 3-1: Intentional Walk
|
|
Batting: SHB Isaiah Cherry
|
0-0: Foul Ball, location: 2F 0-1: Ball 1-1: Swinging Strike 1-2: Strikes out looking
|
| Top of the 5th over - 0 runs, 1 hit, 0 errors, 2 left on base; Tacoma 1 - Charlotte 1 |
| BOTTOM OF THE 5TH |
|
Charlotte Knights batting - Pitching for Tacoma Rainiers : RHP Luis Castro
|
|
Batting: RHB John Iddings
|
0-0: Ball 1-0: Ball 2-0: SINGLE (Line Drive, 9LS, EV 94.4 MPH)
|
|
Pinch Runner at 1st Dunlang Clark:
|
|
|
Batting: RHB Steve Waltenbery
|
0-0: Ball Dunlang Clark steals 2nd base 1-0: Ball 2-0: SINGLE (Groundball, 6MD, EV 88.8 MPH) (infield hit) Dunlang Clark to third
|
|
Batting: RHB Jeremy Hoffert
|
0-0: Called Strike Steve Waltenbery steals 2nd base (no throw) 0-1: Ground out 6-3 (Groundball, 6, EV 86.2 MPH) Dunlang Clark scores Steve Waltenbery to third
|
|
Batting: LHB Ricardo Pagan
|
0-0: Ball 1-0: Called Strike 1-1: Called Strike 1-2: Ball 2-2: Ball 3-2: Foul Ball, location: 2F 3-2: Ground out 6-3 (Groundball, 6, EV 100.0 MPH) Steve Waltenbery scores
|
|
Batting: RHB Mike Warzecha
|
0-0: Ball 1-0: Called Strike 1-1: Called Strike 1-2: Foul Ball, location: 2F 1-2: Ground out U3 (Groundball, 3L, EV 104.4 MPH)
|
| Bottom of the 5th over - 2 runs, 2 hits, 0 errors, 0 left on base; Tacoma 1 - Charlotte 3 |
| TOP OF THE 6TH |
|
Tacoma Rainiers batting - Pitching for Charlotte Knights : LHP Isaias Felix
|
|
Now at SS: Micah Brown
|
|
|
Batting: RHB Marco Diaz
|
0-0: Called Strike 0-1: Called Strike 0-2: Ball 1-2: Ball 2-2: Foul Ball, location: 2F 2-2: Ball 3-2: Strikes out swinging
|
|
Batting: LHB Addisu Nyamekye
|
0-0: Ball 1-0: Ball 2-0: Foul Ball, location: 2F 2-1: Ball 3-1: Foul Ball, location: 2F 3-2: Foul Ball, location: 2F 3-2: Base on Balls
|
|
Batting: RHB Hideo Okimura
|
0-0: Called Strike 0-1: Foul Ball, location: 2F 0-2: Ball 1-2: Ball 2-2: Grounds into double play, 5-4-3 (Groundball, 56, EV 108.1 MPH)
|
| Top of the 6th over - 0 runs, 0 hits, 0 errors, 0 left on base; Tacoma 1 - Charlotte 3 |
| BOTTOM OF THE 6TH |
|
Charlotte Knights batting - Pitching for Tacoma Rainiers : RHP Luis Castro
|
|
Batting: SHB Ethan Villalobos
|
0-0: Ball 1-0: Fly out, F9 (Line Drive, 9D, EV 93.8 MPH)
|
|
Batting: LHB John Thurman
|
0-0: Called Strike 0-1: Ball 1-1: Called Strike 1-2: SINGLE (Groundball, 56D, EV 82.5 MPH) (infield hit)
|
|
Batting: RHB Kikuo Sato
|
0-0: Called Strike John Thurman steals 2nd base (no throw) 0-1: Ball John Thurman steals 3rd base 1-1: Ball 2-1: Fly out, F9 (Line Drive, 9S, EV 98.1 MPH) Runner from 3rd tags up, SCORES, throw by RF
|
|
Batting: SHB Josh Conner
|
0-0: Ball 1-0: Ball 2-0: SINGLE (Groundball, 25, EV 75.6 MPH) (infield hit)
|
|
Batting: RHB Micah Brown
|
0-0: Called Strike 0-1: Ground out 3-1 (Groundball, 34, EV 110.0 MPH)
|
| Bottom of the 6th over - 1 run, 2 hits, 0 errors, 1 left on base; Tacoma 1 - Charlotte 4 |
| TOP OF THE 7TH |
|
Tacoma Rainiers batting - Pitching for Charlotte Knights : LHP Isaias Felix
|
|
Batting: RHB Lamberto Amicis
|
0-0: Called Strike 0-1: Ball 1-1: Foul Ball, location: 2F 1-2: Fly out, F7 (Flyball, 7S, EV 87.5 MPH)
|
|
Batting: LHB Ryan Lowe
|
0-0: DOUBLE (Groundball, 5L, EV 108.1 MPH)
|
|
Batting: LHB Josh Pittman
|
0-0: Called Strike 0-1: SINGLE (Groundball, 34D, EV 95.6 MPH) Ryan Lowe to third Runner from 3rd tries for Home, throw by RF and OUT! 9-2
|
|
Batting: LHB Matt Hepburn
|
0-0: Called Strike 0-1: Ball 1-1: Called Strike 1-2: Fly out, F8 (Flyball, 8RD, EV 100.6 MPH)
|
| Top of the 7th over - 0 runs, 2 hits, 0 errors, 1 left on base; Tacoma 1 - Charlotte 4 |
| BOTTOM OF THE 7TH |
|
Charlotte Knights batting - Pitching for Tacoma Rainiers : RHP Luis Castro
|
|
Batting: RHB Steve Waltenbery
|
0-0: Ground out 5-3 (Groundball, 56, EV 89.4 MPH)
|
|
Batting: RHB Jeremy Hoffert
|
0-0: Foul Ball, location: 2F 0-1: Ball 1-1: Foul Ball, location: 2F 1-2: Strikes out looking
|
|
Batting: LHB Ricardo Pagan
|
0-0: Ball 1-0: Ball 2-0: Ball 3-0: Called Strike 3-1: Base on Balls
|
|
Pitching: LHP Rentaro Minami
|
|
|
Batting: RHB Mike Warzecha
|
0-0: Called Strike Ricardo Pagan steals 2nd base 0-1: Foul Ball, location: 2F 0-2: Foul Ball, location: 2F 0-2: Foul Ball, location: 2F 0-2: Ball 1-2: Foul Ball, location: 2F 1-2: Fly out, F8 (Flyball, 8LM, EV 77.5 MPH)
|
| Bottom of the 7th over - 0 runs, 0 hits, 0 errors, 1 left on base; Tacoma 1 - Charlotte 4 |
| TOP OF THE 8TH |
|
Tacoma Rainiers batting - Pitching for Charlotte Knights : LHP Isaias Felix
|
|
Pitching: RHP Chris Worster
|
|
|
Now at 1B: Olaf Zoeteman
|
|
|
Batting: RHB Julian Gregory
|
0-0: Ball 1-0: Foul Ball, location: 2F 1-1: Fly out, F8 (Line Drive, 8LM, EV 109.4 MPH)
|
|
Batting: SHB Isaiah Cherry
|
0-0: Called Strike 0-1: Ball 1-1: Ball 2-1: Foul Ball, location: 2F 2-2: Foul Ball, location: 2F 2-2: Ground out 6-3 (Groundball, 6, EV 82.5 MPH)
|
|
Batting: RHB Marco Diaz
|
0-0: Called Strike 0-1: Fly out, F7 (Line Drive, 7, EV 96.2 MPH)
|
| Top of the 8th over - 0 runs, 0 hits, 0 errors, 0 left on base; Tacoma 1 - Charlotte 4 |
| BOTTOM OF THE 8TH |
|
Charlotte Knights batting - Pitching for Tacoma Rainiers : LHP Rentaro Minami
|
|
Pitching: RHP Edwin Carrasco
|
|
|
Batting: SHB Ethan Villalobos
|
0-0: Ball 1-0: Ground out 4-3 (Groundball, 4, EV 91.9 MPH)
|
|
Batting: LHB John Thurman
|
0-0: Ball 1-0: Swinging Strike 1-1: Foul Ball, location: 2F 1-2: Ball 2-2: Strikes out swinging
|
|
Batting: RHB Kikuo Sato
|
0-0: Foul Ball, location: 2F 0-1: Ball 1-1: Ground out 6-3 (Groundball, 6, EV 86.2 MPH)
|
| Bottom of the 8th over - 0 runs, 0 hits, 0 errors, 0 left on base; Tacoma 1 - Charlotte 4 |
| TOP OF THE 9TH |
|
Tacoma Rainiers batting - Pitching for Charlotte Knights : RHP Chris Worster
|
|
Batting: LHB Addisu Nyamekye
|
0-0: Called Strike 0-1: Called Strike 0-2: SINGLE (Groundball, 3D, EV 98.8 MPH)
|
|
Batting: RHB Hideo Okimura
|
0-0: Swinging Strike 0-1: Foul Ball, location: 2F 0-2: SINGLE (Groundball, 6, EV 98.8 MPH) Addisu Nyamekye to second
|
|
Pinch Hitting: LHB Jawad Fahad
|
0-0: Foul Ball, location: 2F 0-1: SINGLE (Groundball, 34D, EV 106.9 MPH) Addisu Nyamekye to third Hideo Okimura to second
|
|
Batting: LHB Ryan Lowe
|
0-0: Called Strike 0-1: Swinging Strike 0-2: Foul Ball, location: 2F 0-2: Ball 1-2: Ball 2-2: Strikes out swinging
|
|
Batting: LHB Josh Pittman
|
0-0: Called Strike 0-1: Foul Ball, location: 2F 0-2: Fly out, F7 (Flyball, 7D, EV 101.9 MPH) Runner from 3rd tags up, SCORES, no throw by LF
|
|
Pitching: LHP Silas Chartier
|
|
|
Pinch Hitting: RHB Chris Skaff
|
0-0: Ball 1-0: Ball 2-0: Ball 3-0: Called Strike 3-1: Swinging Strike 3-2: Base on Balls Hideo Okimura to third Jawad Fahad to second
|
|
Batting: RHB Julian Gregory
|
0-0: Called Strike 0-1: Ball 1-1: DOUBLE (Flyball, 8LXD, EV 101.9 MPH) Hideo Okimura scores Jawad Fahad scores Chris Skaff to third Runner from 3rd tries for Home, SAFE, throw by CF to home
|
|
Batting: SHB Isaiah Cherry
|
0-0: Ball 1-0: Called Strike 1-1: Ball 2-1: Ball 3-1: Base on Balls
|
|
Batting: RHB Marco Diaz
|
0-0: Called Strike 0-1: Foul Ball, location: 2F 0-2: Ball 1-2: Ground out U3 (Groundball, 34S, EV 81.2 MPH)
|
| Top of the 9th over - 4 runs, 4 hits, 0 errors, 2 left on base; Tacoma 5 - Charlotte 4 |
| BOTTOM OF THE 9TH |
|
Charlotte Knights batting - Pitching for Tacoma Rainiers : RHP Edwin Carrasco
|
|
Pitching: LHP Chad Dominey
|
|
|
Now at 3B: Jawad Fahad
|
|
|
Now at SS: Isaiah Cherry
|
|
|
Now in CF: Max Schellekens
|
|
|
Batting: SHB Josh Conner
|
0-0: Ball 1-0: Foul Ball, location: 2F 1-1: Called Strike 1-2: Ball 2-2: Ground out 6-3 (Groundball, 56, EV 86.9 MPH)
|
|
Batting: RHB Micah Brown
|
0-0: Called Strike 0-1: SINGLE (Groundball, 34S, EV 68.8 MPH) (infield hit)
|
|
Batting: RHB Steve Waltenbery
|
0-0: Ball 1-0: Called Strike 1-1: Swinging Strike 1-2: Ball 2-2: Strikes out swinging
|
|
Batting: RHB Jeremy Hoffert
|
0-0: Fly out, F7 (Flyball, 7LM, EV 95.0 MPH)
|
| Bottom of the 9th over - 0 runs, 1 hit, 0 errors, 1 left on base; Tacoma 5 - Charlotte 4 |
|